Map: Dusk Towers

Players

Sabby

  • Race: Terran Terran
  • League: Silver
  • Spawn Location: 7:00

Fropez - Winner!

  • Race: Protoss Protoss
  • League: Silver
  • Spawn Location: 1:00

VOD

Have the link to the VOD?

Description

Time

  • Played on: May 18, 2016, 5:37 p.m.
  • Length: 16:32
Show
View Real Time Build Order
Export as new Build Order

Sabby Terran 

Build Orders: MMM Bio 

Get SALT Encoding   

  12  0:01  SCV  
  13  0:17  Supply Depot  
  13  0:18  SCV  
  14  0:25  Refinery  
  14  0:30  SCV  
  15  0:43  Barracks  
  15  0:47  SCV  
  16  0:59  SCV  
  17  1:12  SCV  
  18  1:41  Command Center  
  18  1:42  Marine  
  19  1:48  Supply Depot  
  19  1:53  SCV  
  19  2:19  Barracks Tech Lab  
  19  2:22  Barracks  
  19  2:23  SCV  
  19  2:28  Barracks  
  20  2:35  SCV  
  21  2:39  Marauder  
  23  2:53  SCV  
  24  2:59  Engineering Bay  
  24  3:02  Marauder  
  26  3:08  Stimpack  
  26  3:12  SCV  
  27  3:17  SCV  
  27  3:19  Barracks Tech Lab  
  28  3:25  Barracks Reactor  
  28  3:30  Marauder  
  28  3:33  SCV  
  31  3:37  SCV  
  32  3:44  Missile Turret  
  32  3:49  Orbital Command  
  32  3:53  SCV  
  33  3:57  Combat Shields  
  33  4:03  Marauder  
  35  4:11  Marine, Marauder  
  35  4:13  SCV  
  39  4:18  Refinery  
  39  4:24  Terran Infantry Weapons Level 1  
  39  4:29  Engineering Bay  
  39  4:33  Missile Turret  
  39  4:35  SCV  
  40  4:40  SCV  
  40  4:44  Marauder  
  43  4:47  SCV  
  44  4:54  Factory  
  44  5:04  Refinery x2  
  44  5:12  Terran Infantry Armor Level 1  
  44  5:18  SCV  
  44  5:19  SCV  
  46  5:26  Supply Depot  
  46  5:31  Marine, Marauder x2  
  46  5:34  Concussive Shells  
  51  5:36  SCV  
  51  5:39  Factory Tech Lab  
  52  5:49  Supply Depot  
  52  5:51  Starport  
  52  5:53  Marauder  
  52  5:56  SCV  
  55  6:05  SCV  
  55  6:07  Siege Tank  
  55  6:08  SCV  
  55  6:10  Marauder  
  62  6:11  Marine  
  62  6:12  Marine, Supply Depot  
  64  6:21  SCV  
  65  6:31  Medivac  
  67  6:33  SCV  
  67  6:35  Marauder  
  67  6:36  Supply Depot, Marauder  
  67  6:37  Marine  
  73  6:47  SCV  
  73  6:49  SCV  
  73  6:53  Siege Tank  
  78  6:58  Supply Depot  
  78  7:00  Orbital Command  
  78  7:03  Marauder  
  80  7:09  Armory  
  80  7:34  Medivac  
  82  7:37  Marine x2  
  82  7:38  Marine, Marauder  
  87  7:55  Marine  
  87  7:56  Marauder  
  90  8:00  Marauder  
  90  8:04  Medivac  
  91  8:17  Marauder  
  93  8:20  Marine  
  94  9:16  Marine  
  94  9:19  Marine  
  93  9:34  Marine  
  94  9:42  Marine  
  94  9:43  Marauder  
  91  9:46  Marauder  
  62  10:04  Marauder  
  63  10:07  Marauder  
  61  10:26  Marauder  
  65  10:28  Marine, Marauder  
  65  10:29  Marine  
  65  10:30  Terran Infantry Weapons Level 2  
  65  10:31  Terran Infantry Armor Level 2  
  65  10:33  Siege Tank  
  65  10:34  Terran Vehicle And Ship Armor Level 1  
  65  10:35  Medivac  
  72  10:46  Marine  
  72  10:47  Marauder  
  77  10:50  Marauder  
  77  10:55  Command Center  
  67  11:05  Siege Tank, Medivac  
  67  11:08  Marauder  
  71  11:27  Marine, Marauder  
  71  11:28  Marine  
  71  11:30  Marauder  
  77  11:45  Marine  
  78  11:49  Marauder  
  78  11:51  Marauder  
  78  11:53  SCV  
  83  12:08  Marine  
  83  12:09  Marine x2, Siege Tank  
  83  12:12  Command Center  
  89  12:16  Medivac  
  90  12:26  Marine x2, Marauder  
  94  12:34  Barracks  
  94  12:35  Supply Depot, Marauder  
  96  12:44  Marine  
  95  13:20  Marine x2, Marauder x2  
  97  13:42  Marauder  
  99  13:54  Orbital Command  
  92  14:33  Command Center  
  92  14:35  Marine x2, Marauder x2  
  92  14:36  Siege Tank  
  92  14:37  Barracks Reactor  
  101  14:39  Barracks  
  101  14:56  Marauder  
  101  14:57  Command Center  
  96  15:08  Siege Tank  
Show
View Real Time Build Order
Export as new Build Order

Fropez Protoss - Winner!

Build Orders:  

Get SALT Encoding   

  12  0:10  Pylon  
  12  0:20  Probe (Chrono Boost)  
  13  0:30  Gateway  
  13  0:33  Probe (Chrono Boost)  
  14  0:43  Pylon  
  14  0:46  Probe (Chrono Boost)  
  15  0:56  Probe (Chrono Boost)  
  16  0:59  Assimilator  
  16  1:07  Probe (Chrono Boost)  
  17  1:17  Probe (Chrono Boost)  
  18  1:28  Probe (Chrono Boost)  
  19  1:39  Cybernetics Core  
  19  1:42  Probe (Chrono Boost)  
  19  1:45  Assimilator  
  20  1:52  Probe (Chrono Boost)  
  21  2:11  Probe (Chrono Boost)  
  21  2:12  Nexus  
  22  2:21  Warp Gate (Chrono Boost)  
  21  2:32  Gateway  
  21  2:34  Gateway  
  21  2:38  Probe  
  22  2:48  Adept  
  24  2:56  Pylon, Probe  
  25  3:08  Probe  
  26  3:14  Pylon  
  26  3:16  Adept  
  28  3:21  Adept  
  28  3:26  Probe  
  31  3:27  Probe  
  32  3:38  Probe  
  32  3:39  Probe  
  34  3:51  Probe, Forge  
  35  4:03  Probe x2  
  35  4:09  Pylon  
  37  4:13  Probe  
  37  4:16  Probe  
  39  4:21  Gateway  
  39  4:23  Pylon  
  37  4:26  Probe  
  38  4:33  Protoss Ground Weapons Level 1 (Chrono Boost)  
  38  4:35  Probe  
  38  4:37  Assimilator  
  39  4:41  Assimilator  
  39  4:42  Pylon  
  39  4:48  Probe x2  
  41  4:58  Robotics Facility x2  
  41  5:02  Probe  
  41  5:03  Pylon, Mothership Core  
  44  5:22  Probe  
  44  5:27  Probe  
  45  5:32  Pylon  
  45  5:35  Probe  
  47  5:38  Probe  
  47  5:41  Photon Cannon  
  48  5:55  Probe x2  
  48  5:56  Photon Cannon  
  50  5:58  Gateway  
  50  6:05  Probe  
  50  6:07  Probe  
  52  6:12  Immortal  
  52  6:16  Photon Cannon  
  56  6:22  Immortal  
  60  6:27  Probe x2  
  62  6:38  Pylon  
  62  6:39  Assimilator  
  62  6:41  Twilight Council  
  62  6:42  Probe  
  62  6:43  Probe, Assimilator  
  62  6:44  Protoss Ground Armor Level 1 (Chrono Boost)  
  62  6:45  Pylon x2  
  64  7:01  Immortal  
  68  7:04  Immortal  
  72  7:17  Probe, Blink (Chrono Boost)  
  72  7:18  Probe  
  74  7:27  Stalker x3  
  74  7:28  Stalker  
  80  7:39  Stalker  
  80  7:40  Immortal  
  80  7:43  Immortal  
  90  7:47  Pylon, Photon Cannon  
  90  7:49  Probe  
  90  7:50  Probe  
  86  8:19  Immortal  
  90  8:24  Stalker  
  90  8:25  Stalker  
  90  8:26  Stalker x2  
  98  8:41  Gateway  
  98  8:44  Gateway  
  98  8:45  Probe  
  98  8:46  Probe  
  98  8:47  Pylon  
  100  8:58  Forge  
  100  9:05  Immortal  
  100  9:06  Cybernetics Core  
  100  9:08  Pylon  
  102  9:40  Pylon  
  102  9:42  Pylon  
  84  10:08  Stalker x4  
  92  10:28  Warp Prism x2  
  92  10:30  Protoss Ground Weapons Level 2 (Chrono Boost)  
  92  10:31  Protoss Ground Armor Level 2 (Chrono Boost)  
  92  10:34  Probe  
  92  10:35  Probe  
  98  10:47  Nexus  
  98  10:49  Assimilator  
  98  10:53  Assimilator  
  98  10:56  Pylon  
  98  10:57  Pylon  
  98  11:01  Pylon  
  98  11:03  Pylon  
  98  11:06  Pylon  
  98  11:10  Pylon  
  98  11:13  Pylon  
  98  11:25  Stalker x5  
  106  11:53  Gateway x2  
  106  11:58  Photon Cannon  
  106  12:03  Gateway x2  
  106  12:08  Gateway x2  
  106  12:09  Photon Cannon  
  106  12:12  Zealot x5  
  106  12:13  Pylon  
  116  12:32  Immortal  
  116  12:33  Immortal  
  116  13:39  Zealot x5  
  114  14:00  Immortal x2  
  116  14:09  Dark Shrine  
  116  14:19  Probe  
  116  14:21  Probe  
  116  14:22  Probe  
  116  14:23  Nexus  
  119  14:26  Assimilator  
  119  14:30  Assimilator  
  119  14:35  Stalker x4  
  119  14:36  Stalker x3  
  133  14:44  Pylon  
  133  14:54  Zealot  
  133  14:55  Zealot x3  
  133  14:59  Pylon  
  141  15:02  Pylon  
  141  15:04  Zealot x4  
  149  15:07  Pylon  
  146  15:21  Dark Templar x2  
  146  15:22  Dark Templar x5  
  138  16:18  Probe  
  138  16:20  Probe  
Tags
 
Composition
MMM Bio
Matchup
PvT
Replay Pack
All Mines
Spawn Locations
Cross Positions
Add a new tag
Caveats
  • Supply blocks, unpowered buildings, or Contaminate may cause inaccurate times.
  • Supply counts are checked every 10 seconds.